 Dungeon Crawl Stone Soup version 0.19.3-4-gbf9329e (webtiles) character file.

24052 Mefis the Thaumaturge (level 12, 0/59 HPs)
             Began as a Deep Elf Wizard on Jan 27, 2017.
             Was a High Priest of Sif Muna.
             Slain by a naga
             ... wielding a +0 flail
              (8 damage)
             ... on level 4 of the Lair of Beasts on Jan 28, 2017.
             The game lasted 01:02:52 (19641 turns).

Mefis the Thaumaturge (Deep Elf Wizard)            Turns: 19641, Time: 01:02:53

Health: 0/59       AC:  6    Str:  2    XL:     12   Next: 77%
Magic:  29/34      EV: 13    Int: 32    God:    Sif Muna [*****.]
Gold:   703        SH:  5    Dex: 13    Spells: 12 memorised, 2 levels left

rFire  + + +     SeeInvis .     a - +9 mace of Ydawa {drain, rF++ Str-2}
rCold  + . .     Gourm    +     A - +2 robe {rC+ rF+}
rNeg   . . .     Faith    .     l - +0 buckler
rPois  +         Spirit   .     Z - +0 Maxwell's etheric cage {RegenMP+ *Contam rElec MP+4}
rElec  +         Reflect  .     G - +0 cloak
rCorr  .         Harm     .     (no gloves)
MR     +....                    (no boots)
Stlth  +++.......               Y - amulet of the gourmand
                                K - ring of poison resistance
                                J - +3 ring of intelligence

@: shrouded, constricted, repel missiles
A: no striking features
a: Divine Energy, Channel Magic, Forget Spell, Renounce Religion


You were on level 4 of the Lair of Beasts.
You worshipped Sif Muna.
Sif Muna was extremely pleased with you.
You were very full.

You visited 3 branches of the dungeon, and saw 15 of its levels.
You also visited: Labyrinth and Volcano.

You collected 703 gold pieces.

Inventory:

Hand Weapons
 a - the +9 mace of Ydawa (weapon) {drain, rF++ Str-2}
   (You found it on level 9 of the Dungeon)

   A truly terrible weapon, it drains the life of those it strikes.
   It affects your strength (-2).
   It greatly protects you from fire.
 b - a +0 blowgun
 F - a +7 scimitar of holy wrath
Missiles
 E - 50 poisoned needles
 H - 14 javelins (quivered)
Armour
 l - a +0 buckler (worn)
 s - a +0 shield
 A - a +2 robe of resistance (worn)
 G - a +0 cloak (worn)
 Z - the +0 Maxwell's etheric cage (worn) {RegenMP+ *Contam rElec MP+4}
   (You found it in a labyrinth)

   It insulates you from electricity.
   It affects your magic capacity (+4).
   It causes magical contamination when unequipped.
Jewellery
 i - an uncursed ring of resist corrosion
 k - an uncursed ring of ice
 o - an uncursed ring of flight
 J - a +3 ring of intelligence (left hand)
 K - a ring of poison resistance (right hand)
 Y - an amulet of the gourmand (around neck)
Wands
 g - a wand of random effects (9/48)
 t - a wand of iceblast (6/15)
 z - a wand of iceblast (0/15)
 P - a wand of confusion (39/48)
 Q - a wand of paralysis (10/24)
 V - a wand of teleportation (1/9)
Scrolls
 c - 3 scrolls of teleportation
 e - 2 scrolls of fear
 h - a scroll of magic mapping
 j - a scroll of recharging {unknown}
 q - 8 scrolls of remove curse
 u - a scroll of identify
 I - 3 scrolls of fog
Potions
 n - 2 potions of magic {unknown}
 x - 4 potions of heal wounds
 D - a potion of haste
 T - a potion of brilliance
 X - 3 potions of curing
Books
 r - Sif Muna's Almanac of Malediction
   (Sif Muna gifted it to you on level 3 of the Lair of Beasts)

   Spells                             Type                      Level
   a - Confuse                        Hexes                        3
   b - Leda's Liquefaction            Hexes/Earth                  4
   c - Silence                        Hexes/Air                    5
   d - Invisibility                   Hexes                        6
   e - Discord                        Hexes                        8
Comestibles
 d - 7 bread rations
 f - 2 royal jellies
 m - 9 meat rations
 p - 2 slices of pizza
 v - 29 fruits
 B - a beef jerky


   Skills:
 + Level 8.0 Dodging
 - Level 5.5 Stealth
 + Level 5.3 Shields
 * Level 12.9 Spellcasting
 + Level 7.4 Conjurations
 * Level 8.7 Hexes
 * Level 8.5 Charms
 - Level 5.1 Summonings
 + Level 3.8 Necromancy
 - Level 5.4 Translocations
 - Level 4.4 Ice Magic
 - Level 3.2 Air Magic
 - Level 3.5 Poison Magic
 + Level 5.9 Invocations
 + Level 5.7 Evocations


You had 2 spell levels left.
You knew the following spells:

 Your Spells              Type           Power        Failure   Level  Hunger
a - Magic Dart            Conj           ####         1%          1    None
b - Call Imp              Summ           ######..     1%          2    None
c - Blink                 Tloc           N/A          1%          2    None
e - Mephitic Cloud        Conj/Pois/Air  ######..     1%          3    None
f - Conjure Flame         Conj/Fire      #####...     1%          3    None
g - Slow                  Hex            ######..     1%          2    None
h - Ice Form              Ice/Tmut       ####....     12%         4    None
i - Repel Missiles        Chrm/Air       ######       1%          2    None
o - Shroud of Golubria    Chrm/Tloc      ######....   1%          2    None
p - Regeneration          Chrm/Necr      ######....   1%          3    None
v - Invisibility          Hex            ######..     12%         6    ####...
w - Leda's Liquefaction   Hex/Erth       #####.....   4%          4    None


Dungeon Overview and Level Annotations

Branches:
Dungeon (10/15)            Temple (1/1) D:5            Lair (4/6) D:9
  Swamp (0/4) Lair:2
  Snake: Lair:2-4    Spider: Lair:2-4       Orc: D:9-12

Altars:
Ashenzari
Cheibriados
Dithmenos
Elyvilon
Fedhas
Gozag
Hepliaklqana
Kikubaaqudgha
Makhleb
Nemelex Xobeh
Okawaru
Qazlal
Ru
Sif Muna
Trog
Uskayaw
Vehumet
Xom
Yredelemnul
Zin
The Shining One

Shops:
D:4 :   D:9 %=

Annotations:
D:10 Maurice


Message History

Your skin stops crawling.
You start resting.
You barely miss the naga. The naga hits you with a flail. The naga grabs you.
The naga constricts you.
Casting: Mephitic Cloud
Confirm with . or Enter, or press ? or * to list all spells.
Space distorts slightly along a thin shroud covering your body.
The naga hits you with a flail! The naga constricts you.
Unknown command.
Casting: Shroud of Golubria
Confirm with . or Enter, or press ? or * to list all spells.
You miscast Regeneration.
Sif Muna protects you from the effects of your miscast!
The naga hits you with a flail!
* * * LOW HITPOINT WARNING * * *
x2 The naga constricts you.
Casting: Regeneration
Confirm with . or Enter, or press ? or * to list all spells.
You feel jittery for a moment. The naga hits you with a flail!
You die...

PP.#. #.. ### ..# #.. ###
#..####### . #.#
#.#...#..### #.######N##
#..........# ........#@#
#.......## ....H..>###
####........##
..F.....#.##.##...>....###
..........#.####..........
........P....#.P.........#
######.#####............##
≈≈N ####........## P≈≈..
#.....#..# #N♣♣♣.
###.#..#####


You could see a naga.

Vanquished Creatures
  A minotaur (Lab)
  3 hydras (Lair:3)
  Erica (D:9)
  3 death yaks (Lair:2)
  Urug (Lair:2)
  A lindwurm (Lair:2)
  5 elephants (Lair:2)
  A torpor snail (Lair:3)
  2 black mambas
  5 spiny frogs
  A centaur skeleton (D:8)
  A gargoyle (Lair:2)
  5 komodo dragons
  A polar bear (Lair:4)
  A two-headed ogre (D:7)
  9 blink frogs
  5 hippogriffs
  A spriggan (D:8)
  A wyvern (D:9)
  12 yaks
  Eustachio (D:7)
  5 insubstantial wisps (Lair:2)
  10 water moccasins
  16 porcupines
  A phantom (D:6)
  A black bear (D:6)
  3 orc warriors
  2 ice beasts
  2 necrophages
  10 wolves
  2 centaurs
  An ogre (D:4)
  6 crocodiles
  A big kobold (D:9)
  10 bullfrogs
  A gnoll sergeant (D:8)
  3 scorpions
  3 wights (D:6)
  A howler monkey (D:6)
  3 crimson imps
  A centaur zombie (D:7)
  5 jellies
  10 orc wizards
  4 orc priests
  2 hounds
  Jessica (D:3)
  2 iguanas
  3 worker ants
  4 gnolls (D:8)
  14 adders
  2 shadow imps
  An ooze (D:3)
  4 adder zombies
  2 worms
  2 dart slugs
  4 leopard geckos
  31 orcs
  12 bats
  6 giant cockroaches
  8 goblins
  3 hobgoblins
  19 jackals
  3 quokkas
  2 ball pythons (D:3)
  7 frilled lizards
  11 kobolds
  A quokka skeleton (D:4)
  2 rats (D:3)
  3 fungi
311 creatures vanquished.

Vanquished Creatures (collateral kills)
  Sigmund (D:2)
  A steam dragon (D:9)
  A water moccasin (D:6)
  A bullfrog skeleton (D:8)
  2 orcs (D:6)
  A giant cockroach (D:2)
  A hobgoblin (D:2)
  A jackal (D:6)
9 creatures vanquished.

Vanquished Creatures (others)
  A two-headed ogre (Volcano)
  A centaur (Volcano)
  20 fungi
  15 plants
37 creatures vanquished.

Grand Total: 357 creatures vanquished

Notes
Turn   | Place    | Note
-------+----------+-------------------------------------------
     0 | D:1      | Mefis the Deep Elf Wizard began the quest for the Orb.
     0 | D:1      | Reached XP level 1. HP: 10/10 MP: 7/7
   536 | D:1      | Reached XP level 2. HP: 15/15 MP: 6/9
   540 | D:1      | Learned a level 2 spell: Call Imp
   543 | D:1      | Learned a level 2 spell: Blink
   546 | D:1      | Learned a level 2 spell: Repel Missiles
  1226 | D:2      | Reached skill level 5 in Spellcasting
  1226 | D:2      | Reached XP level 3. HP: 19/19 MP: 4/11
  1232 | D:2      | Learned a level 3 spell: Mephitic Cloud
  1286 | D:2      | Noticed Sigmund
  1298 | D:2      | Killed Sigmund
  1298 | D:2      | Reached skill level 1 in Air Magic
  1298 | D:2      | Reached skill level 1 in Poison Magic
  1298 | D:2      | Reached XP level 4. HP: 24/24 MP: 2/13
  1298 | D:2      | Reached XP level 5. HP: 28/28 MP: 2/15
  1335 | D:2      | Learned a level 3 spell: Conjure Flame
  1338 | D:2      | Learned a level 2 spell: Slow
  1725 | D:2      | Reached skill level 6 in Spellcasting
  2150 | D:2      | Found a radiant altar of Vehumet.
  2151 | D:2      | Found a glowing silver altar of Zin.
  2750 | D:3      | Reached skill level 1 in Hexes
  2935 | D:3      | Found a white marble altar of Elyvilon.
  3100 | D:3      | Reached XP level 6. HP: 30/32 MP: 9/17
  3423 | D:3      | Noticed Jessica
  3426 | D:3      | Killed Jessica
  3776 | D:4      | Reached skill level 1 in Shields
  4118 | D:4      | You fall through a shaft for 3 floors!
  4118 | D:7      | Noticed a two-headed ogre
  4164 | D:6      | Noticed an orc warrior
  4178 | D:6      | Found an opulent altar of Gozag.
  4491 | D:6      | Noticed Eustachio
  4546 | D:7      | Found an iron altar of Okawaru.
  4575 | D:7      | Reached skill level 7 in Spellcasting
  4575 | D:7      | Reached XP level 7. HP: 25/36 MP: 0/19
  5004 | D:5      | Entered Level 5 of the Dungeon
  5073 | D:5      | Found a hazy altar of Hepliaklqana.
  5594 | D:6      | Reached skill level 5 in Stealth
  5735 | D:6      | Reached skill level 8 in Spellcasting
  5892 | D:6      | Reached XP level 8. HP: 41/41 MP: 13/22
  6570 | D:4      | Reached skill level 5 in Dodging
  6769 | D:4      | Found a basalt altar of Yredelemnul.
  6798 | D:4      | Found a glowing golden altar of the Shining One.
  6968 | D:4      | Found a sacrificial altar of Ru.
  7086 | D:4      | Found Zukoom's Book Boutique.
  7553 | D:5      | Found a staircase to the Ecumenical Temple.
  7582 | Temple   | Entered the Ecumenical Temple
  7591 | Temple   | Became a worshipper of Sif Muna the Loreminder
  8028 | D:5      | Reached skill level 1 in Charms
  8183 | D:5      | Found an iron altar of Okawaru.
  8185 | D:5      | Found a bloodstained altar of Trog.
  8867 | D:6      | Reached skill level 1 in Invocations
  9433 | D:7      | Killed Eustachio
  9433 | D:7      | Reached * piety under Sif Muna
  9433 | D:7      | Reached skill level 9 in Spellcasting
  9433 | D:7      | Reached skill level 1 in Evocations
  9433 | D:7      | Reached XP level 9. HP: 45/45 MP: 14/24
  9551 | D:7      | Found a sparkling altar of Nemelex Xobeh.
 10492 | D:8      | Reached ** piety under Sif Muna
 10716 | D:8      | Reached skill level 5 in Conjurations
 10946 | D:8      | Reached skill level 10 in Spellcasting
 10946 | D:8      | Reached skill level 5 in Hexes
 11108 | D:9      | Found Umekkaug's Food Shoppe.
 11184 | D:9      | Learned a level 4 spell: Ice Form
 11492 | D:9      | Noticed Erica
 11503 | D:9      | Found a burning altar of Makhleb.
 11532 | D:9      | Killed Erica
 11532 | D:9      | Reached skill level 1 in Ice Magic
 11532 | D:9      | Reached XP level 10. HP: 30/50 MP: 3/26
 11740 | D:9      | Got a polished mace
 11741 | D:9      | Identified the +9 mace of Ydawa {drain, rF++ Str-2} (You found it on level 9 of the Dungeon)
 11757 | D:9      | Noticed a spiny frog
 11767 | D:9      | Killed a spiny frog
 11974 | D:9      | Learned a level 3 spell: Regeneration
 11977 | D:9      | Learned a level 2 spell: Shroud of Golubria
 12002 | D:9      | Found Cefaiqic's Jewellery Shoppe.
 12115 | D:9      | Found a staircase to the Lair.
 12335 | D:10     | Entered Level 10 of the Dungeon
 12335 | D:10     | Noticed Maurice
 12338 | D:10     | Noticed a gargoyle
 12388 | D:10     | Noticed a hill giant
 12404 | Lair:1   | Entered Level 1 of the Lair of Beasts
 12450 | Lair:1   | Reached *** piety under Sif Muna
 12466 | Lair:1   | Reached skill level 5 in Charms
 13950 | Lair:2   | Found a dark tunnel.
 13950 | Lair:2   | Noticed a lindwurm
 13957 | Lair:2   | Killed a lindwurm
 13957 | Lair:2   | Reached skill level 11 in Spellcasting
 13957 | Lair:2   | Reached XP level 11. HP: 54/54 MP: 18/28
 13977 | Volcano  | Entered a volcano
 14148 | Lair:2   | Found a labyrinth entrance.
 14158 | Lab      | Entered a labyrinth
 14247 | Lab      | Found an exit through the horrors of the Abyss.
 14555 | Lab      | Noticed a minotaur
 14588 | Lab      | Killed a minotaur
 14974 | Lair:2   | Reached skill level 1 in Necromancy
 15282 | Lair:2   | Noticed Urug
 15309 | Lair:2   | Killed Urug
 15492 | Lair:2   | Found a staircase to the Swamp.
 15780 | Lair:2   | Reached **** piety under Sif Muna
 15792 | Lair:3   | Noticed a five-headed hydra
 15807 | Lair:3   | Noticed a death yak
 15809 | Lair:3   | Noticed a five-headed hydra
 15811 | Lair:3   | Noticed a death yak
 16154 | Lair:3   | Noticed a death yak
 16285 | Lair:2   | Killed a death yak
 16486 | Lair:2   | Killed a death yak
 16508 | Lair:2   | Killed a death yak
 16508 | Lair:2   | Reached skill level 5 in Translocations
 17373 | Lair:2   | Reached skill level 12 in Spellcasting
 17408 | Lair:2   | Reached XP level 12. HP: 57/59 MP: 29/30
 17424 | Lair:2   | Reached skill level 5 in Invocations
 17482 | Lair:2   | Reached skill level 5 in Shields
 17502 | Lair:2   | Reached skill level 5 in Summonings
 17575 | Lair:3   | Reached ***** piety under Sif Muna
 17609 | Lair:3   | Reached skill level 5 in Evocations
 17976 | Lair:3   | Identified Sif Muna's Almanac of Malediction (Sif Muna gifted it to you on level 3 of the Lair of Beasts)
 17976 | Lair:3   | Received a gift from Sif Muna
 17993 | Lair:3   | Learned a level 4 spell: Leda's Liquefaction
 18005 | Lair:3   | Learned a level 6 spell: Invisibility
 18083 | Lair:3   | Noticed a five-headed hydra
 18127 | Lair:3   | Killed a five-headed hydra
 18144 | Lair:3   | Killed a five-headed hydra
 18146 | Lair:3   | Killed a five-headed hydra
 18867 | Lair:4   | Noticed a seven-headed hydra
 19641 | Lair:4   | Slain by a naga

Skill      XL: |  1  2  3  4  5  6  7  8  9 10 11 12 |
---------------+-------------------------------------+-----
Stealth        | 3 4 5 |  5.5
Spellcasting   | 5 6 7 8 9 10 11 12 | 12.9
Dodging        | 3 4 5 6 7 8 |  8.0
Conjurations   | 2 3 4 5 6 7 |  7.4
Air Magic      | 1 2 3 |  3.2
Poison Magic   | 1 2 3 |  3.5
Hexes          | 1 2 3 5 6 7 8 |  8.7
Shields        | 1 2 3 4 5 |  5.3
Charms         | 1 3 5 7 8 |  8.5
Invocations    | 1 3 4 5 |  5.9
Evocations     | 1 2 4 5 |  5.7
Translocations | 3 4 5 |  5.4
Summonings     | 3 4 5 |  5.1
Ice Magic      | 1 2 4 |  4.4
Necromancy     | 2 3 |  3.8

Action                   |  1- 3 |  4- 6 |  7- 9 | 10-12 || total
-------------------------+-------+-------+-------+-------++-------
Melee: Dagger            |     2 |    19 |    85 |       ||   106
       Mace              |       |       |       |   381 ||   381
 Fire: Blowgun           |       |       |    12 |    27 ||    39
Throw: Javelin           |       |     8 |     7 |       ||    15
 Cast: Magic Dart        |    50 |   171 |   357 |   323 ||   901
       Repel Missiles    |     1 |       |       |     1 ||     2
       Call Imp          |     2 |     5 |    19 |     4 ||    30
       Mephitic Cloud    |     1 |    11 |    30 |    88 ||   130
       Blink             |       |     9 |    19 |    33 ||    61
       Conjure Flame     |       |     1 |    13 |    41 ||    55
       Slow              |       |       |       |    64 ||    64
       Regeneration      |       |       |       |    52 ||    52
       Shroud of Golubri |       |       |       |    62 ||    62
       Leda's Liquefacti |       |       |       |     3 ||     3
 Abil: Evoke Flight      |       |       |       |     1 ||     1
Evoke: Wand              |       |     4 |       |     6 ||    10
  Use: Potion            |       |     4 |     1 |       ||     5
       Scroll            |       |       |     1 |     9 ||    10
 Stab: Confused          |     1 |     1 |     4 |    28 ||    34
       Sleeping          |       |     2 |     1 |     2 ||     5
  Eat: Chunk             |       |     9 |    13 |    33 ||    55
       Bread ration      |       |       |     2 |     1 ||     3
       Fruit             |       |       |     1 |       ||     1
Armor: Robe              |       |    12 |    25 |    80 ||   117
       Skin              |       |     4 |       |       ||     4
Dodge: Dodged            |     5 |    66 |   105 |   382 ||   558
       Deflected         |       |     2 |     1 |     3 ||     6
Block: Buckler           |       |       |       |    31 ||    31
